 Dungeon Crawl Stone Soup version 0.21.0-37-g46506fa (webtiles) character file.

11996 loralnil the Arsonist (level 11, -8/54 HPs)
             Began as a Gargoyle Fire Elementalist on Jan 31, 2018.
             Was a High Priest of Vehumet.
             Mangled by Rupert
             ... wielding a +0 great mace of protection
              (43 damage)
             ... on level 12 of the Dungeon.
             The game lasted 00:41:19 (12793 turns).

loralnil the Arsonist (Gargoyle Fire Elementalist) Turns: 12793, Time: 00:41:20

Health: -8/54      AC: 17    Str: 15    XL:     11   Next: 86%
Magic:  14/32      EV: 15    Int: 21    God:    Vehumet [*****.]
Gold:   488        SH:  0    Dex: 10    Spells: 5/27 levels left

rFire    + . .     SeeInvis .   M - +1 flail of Disembowelment {crush, +Inv MR+ Int+3} (curse)
rCold    . . .     Gourm    .   (no shield)
rNeg     + . .     Faith    .   e - +1 leather armour "Wezuna" {rC+ MR+ Str+2}
rPois    ∞         Spirit   .   x - +1 helmet
rElec    +         Reflect  .   (no cloak)
rCorr    .         Harm     .   a - +0 pair of gloves
MR       ++...     Rnd*Rage +   (no boots)
Stlth    ++........             (no amulet)
HPRegen  0.18/turn              A - ring of fire
MPRegen  0.23/turn              y - ring of magical power

@: no status effects
A: yellow scales 1, berserk 1, negative energy resistance 1, electricity
resistance, wild magic 1, unbreathing, petrification resistance, rot immunity,
AC +8
a: Renounce Religion, Evoke Invisibility


You were on level 12 of the Dungeon.
You worshipped Vehumet.
Vehumet was extremely pleased with you.
You were full.

You visited 1 branch of the dungeon, and saw 12 of its levels.

You collected 488 gold pieces.

Inventory:

Hand Weapons
 K - a +0 mace of holy wrath
 M - the cursed +1 flail of Disembowelment (weapon) {crush, +Inv MR+ Int+3}
   (You found it on level 9 of the Dungeon)

   It inflicts extra damage upon your enemies.
   It affects your intelligence (+3).
   It affects your resistance to hostile enchantments.
   It lets you turn invisible.
   It has a curse placed upon it.
Armour
 a - a +0 pair of gloves (worn)
 e - the +1 leather armour "Wezuna" (worn) {rC+ MR+ Str+2}
   (You found it on level 4 of the Dungeon)

   It affects your strength (+2).
   It protects you from cold.
   It affects your resistance to hostile enchantments.
 x - a +1 helmet (worn)
 E - a +0 shield
Jewellery
 f - a +4 ring of evasion
 j - an uncursed ring of protection from fire
 o - an uncursed ring of resist corrosion
 w - a +5 ring of dexterity
 y - a ring of magical power (right hand)
 A - a ring of fire (left hand)
 N - an uncursed ring of positive energy
Wands
 q - a wand of acid (18)
 v - a wand of disintegration (20)
 H - a wand of flame (67)
Scrolls
 d - 3 scrolls of enchant weapon
 g - 2 scrolls of identify
 k - 2 scrolls of fog
 m - 2 scrolls of fear {unknown}
 n - 5 scrolls of teleportation
 p - 2 scrolls of amnesia {unknown}
 C - 3 scrolls of magic mapping {unknown}
 D - a scroll of blinking {unknown}
 F - 3 scrolls of remove curse
 G - a scroll of acquirement {unknown}
 J - a scroll of torment {unknown}
Potions
 h - a potion of invisibility
 i - 2 potions of brilliance
 l - 3 potions of flight
 r - 3 potions of curing
 s - 2 potions of magic
 t - 3 potions of agility
 u - a potion of cancellation
 z - 2 potions of lignification
 B - a potion of might
 I - a potion of berserk rage
 L - 2 potions of ambrosia
Books
 b - a book of Flames

   Spells                             Type                      Level
   a - Flame Tongue                   Conjuration/Fire             1
   b - Throw Flame                    Conjuration/Fire             2
   c - Conjure Flame                  Conjuration/Fire             3
   d - Inner Flame                    Hexes/Fire                   3
   e - Sticky Flame                   Conjuration/Fire             4
   f - Fireball                       Conjuration/Fire             5
 P - a book of Conjurations

   Spells                             Type                      Level
   a - Magic Dart                     Conjuration                  1
   b - Searing Ray                    Conjuration                  2
   c - Dazzling Spray                 Conjuration/Hexes            3
   d - Fulminant Prism                Conjuration/Hexes            4
   e - Force Lance                    Conjuration/Translocation    4
   f - Iskenderun's Mystic Blast      Conjuration                  4
Comestibles
 c - 20 rations


   Skills:
 - Level 3.0 Armour
 + Level 7.8 Dodging
 - Level 2.5 Stealth
 - Level 0.3 Shields
 + Level 8.6 Spellcasting
 - Level 8.0 Conjurations
 + Level 8.7 Fire Magic
 - Level 5.0 Air Magic
 + Level 3.7 Poison Magic


You had 5 spell levels left.
You knew the following spells:

 Your Spells              Type           Power        Failure   Level  Hunger
a - Flame Tongue          Conj/Fire      #####        1%          1    None
b - Throw Flame           Conj/Fire      ######       1%          2    None
c - Conjure Flame         Conj/Fire      ######..     1%          3    None
d - Inner Flame           Hex/Fire       ######..     2%          3    None
e - Shock                 Conj/Air       ####         1%          1    None
f - Sticky Flame          Conj/Fire      ######..     1%          4    ###....
g - Ignite Poison         Fire/Tmut/Pois ######..     2%          3    None
h - Fireball              Conj/Fire      ######....   3%          5    #####..


Dungeon Overview and Level Annotations

Branches:
Dungeon (12/15)            Temple (0/1) D:5            Lair (0/6) D:9
    Orc (0/2) D:9

Altars:
Ashenzari
Cheibriados
Elyvilon
Okawaru
Qazlal
Sif Muna
Vehumet
Wu Jian
Xom
Yredelemnul
The Shining One

Shops:
D:4 }

Annotations:
D:12 Rupert


Innate Abilities, Weirdness & Mutations

You are resistant to torment.
Your stone body is resilient. (AC +8)
You are immune to poison.
You resist negative energy. (rN+)
You are resistant to electric shocks. (rElec)
You can survive without breathing.
You are immune to petrification.
You are immune to rotting.
You are partially covered in yellow scales. (AC +2)
You tend to lose your temper in combat.
Your spells are a little harder to cast, but a little more powerful.


Message History

Rupert is engulfed in blazing flames.
Rupert barely misses you.
Casting: Sticky Flame
Confirm with . or Enter, or press ? or * to list all spells.
Aiming: Sticky Flame
Press: ? - help, Shift-Dir - straight line, f/p - Rupert
Aim: Rupert, wielding a great mace of protection and wearing a ring mail (flame, moderately wounded, berserk, fast, unusually strong, covered in liquid flames)
You feel a surge of power!
The sticky flame hits Rupert.
Rupert is moderately wounded.
Rupert burns!
Rupert is engulfed in blazing flames.
Rupert barely misses you.
Casting: Sticky Flame
Confirm with . or Enter, or press ? or * to list all spells.
Aiming: Sticky Flame
Press: ? - help, Shift-Dir - straight line, f/p - Rupert
Aim: Rupert, wielding a great mace of protection and wearing a ring mail (flame, moderately wounded, berserk, fast, unusually strong, covered in liquid flames)
You feel a surge of power!
The sticky flame hits Rupert.
Rupert is moderately wounded.
Rupert burns!
Rupert is engulfed in blazing flames.
Rupert hits you with a great mace of protection!!!
Ouch! That really hurt!
You die...

##
#############
......@...@.#
###########.#
#.# #.# #.#
#.#######
#....@@.#
#########


You could see Rupert (berserk).

Vanquished Creatures
  3 two-headed ogres
  2 manticores
  A troll (D:11)
  2 hippogriffs
  A wraith (D:11)
  8 yaks
  2 wyverns
  A hungry ghost (D:7)
  3 hogs (D:8)
  A human (D:8)
  3 basilisks
  Grum (D:10)
  2 ice beasts
  A porcupine (D:8)
  5 orc warriors
  2 sky beasts
  2 eyes of draining
  2 phantoms
  2 ogres
  9 centaurs
  3 wolves
  A crocodile (D:8)
  7 bullfrogs
  A wyvern skeleton (D:9)
  4 scorpions
  3 killer bees (D:10)
  7 howler monkeys
  A crimson imp (D:11)
  2 quasits
  2 bullfrog zombies
  11 hounds
  A jelly (D:7)
  16 orc priests
  3 bullfrog skeletons
  3 centaur skeletons
  7 worker ants
  2 iguanas
  11 orc wizards
  A killer bee zombie (D:7)
  A hound zombie (D:8)
  2 human simulacra (D:11)
  3 hound skeletons
  3 worker ant zombies
  A howler monkey zombie (D:6)
  8 adders
  7 gnolls
  An ooze (D:3)
  2 adder skeletons
  5 worms
  5 dart slugs
  5 leopard geckos
  72 orcs
  4 giant cockroaches
  8 goblins
  8 hobgoblins
  2 jackals (D:5)
  6 quokkas
  5 bats
  5 frilled lizards
  A jackal skeleton (D:4)
  A jackal zombie (D:9)
  10 kobolds
  2 leopard gecko skeletons
  5 rats
311 creatures vanquished.

Vanquished Creatures (others)
  2 plants (D:9)
2 creatures vanquished.

Grand Total: 313 creatures vanquished

Notes
Turn   | Place    | Note
-------+----------+-------------------------------------------
     0 | D:1      | loralnil the Gargoyle Fire Elementalist began the quest for the Orb.
     0 | D:1      | Reached XP level 1. HP: 10/10 MP: 3/3
     1 | D:1      | Noticed an electric eel
   205 | D:1      | Reached XP level 2. HP: 15/15 MP: 0/5
   664 | D:2      | Reached XP level 3. HP: 19/19 MP: 3/6
   852 | D:2      | Reached XP level 4. HP: 19/24 MP: 3/7
  2052 | D:2      | Reached XP level 5. HP: 28/28 MP: 3/9
  2498 | D:3      | Found a radiant altar of Vehumet.
  2508 | D:3      | Became a worshipper of Vehumet
  2866 | D:2      | Learned a level 2 spell: Throw Flame
  2870 | D:2      | Learned a level 3 spell: Conjure Flame
  2874 | D:2      | Learned a level 3 spell: Inner Flame
  2880 | D:3      | Reached XP level 6. HP: 32/32 MP: 4/10
  3283 | D:3      | Reached * piety under Vehumet
  3283 | D:3      | Offered knowledge of Shock by Vehumet.
  3362 | D:3      | Learned a level 1 spell: Shock
  3564 | D:3      | Found a deep blue altar of Sif Muna.
  3743 | D:3      | Found a glowing golden altar of the Shining One.
  3780 | D:3      | Reached XP level 7. HP: 34/36 MP: 4/12
  4347 | D:4      | Found Fouppirph's Gadget Emporium.
  4393 | D:4      | Got an encrusted leather armour
  4404 | D:4      | Identified the +1 leather armour "Wezuna" {rC+ MR+ Str+2} (You found it on level 4 of the Dungeon)
  4497 | D:4      | Reached ** piety under Vehumet
  4799 | D:5      | Entered Level 5 of the Dungeon
  4807 | D:5      | Offered knowledge of Throw Frost by Vehumet.
  5000 | D:5      | Reached skill level 1 in Armour
  5000 | D:5      | Reached skill level 5 in Fire Magic
  5132 | D:5      | Found a staircase to the Ecumenical Temple.
  5137 | D:5      | Found a stormy altar of Qazlal.
  5153 | D:5      | Learned a level 4 spell: Sticky Flame
  5177 | D:5      | Reached XP level 8. HP: 14/41 MP: 14/14
  5887 | D:5      | Found a snail-covered altar of Cheibriados.
  5889 | D:5      | Found an iron altar of Okawaru.
  5908 | D:5      | Reached skill level 5 in Conjurations
  6291 | D:6      | Found a white marble altar of Elyvilon.
  6401 | D:6      | Offered knowledge of Ignite Poison by Vehumet.
  6401 | D:6      | Reached skill level 5 in Spellcasting
  6495 | D:6      | Learned a level 3 spell: Ignite Poison
  6654 | D:6      | Reached XP level 9. HP: 44/45 MP: 16/16
  6661 | D:6      | Found a basalt altar of Yredelemnul.
  6765 | D:6      | Found a shattered altar of Ashenzari.
  7124 | D:7      | Found an ornate altar of the Wu Jian Council.
  7129 | D:7      | Reached *** piety under Vehumet
  7129 | D:7      | Reached skill level 5 in Dodging
  7285 | D:7      | Reached skill level 1 in Air Magic
  7661 | D:8      | Offered knowledge of Force Lance by Vehumet.
  8413 | D:8      | Reached XP level 10. HP: 29/50 MP: 19/19
  8584 | D:8      | Found a shimmering altar of Xom.
  8664 | D:8      | Noticed a two-headed ogre
  8673 | D:8      | Killed a two-headed ogre
  8870 | D:8      | Learned a level 5 spell: Fireball
  8901 | D:9      | Found a staircase to the Lair.
  8912 | D:9      | Noticed a two-headed ogre
  8950 | D:9      | Reached **** piety under Vehumet
  9000 | D:9      | Offered knowledge of Stone Arrow by Vehumet.
  9544 | D:9      | Killed a two-headed ogre
  9544 | D:9      | Reached XP level 11. HP: 39/54 MP: 22/22
  9609 | D:9      | Gained mutation: Armour fits poorly on your strangely shaped body. [potion of mutation]
  9609 | D:9      | Gained mutation: You have a somewhat thin skeletal structure. (Dex +2, Stealth) [potion of mutation]
  9609 | D:9      | Gained mutation: You have sharp toenails. [potion of mutation]
  9610 | D:9      | Lost mutation: Armour fits poorly on your strangely shaped body. [potion of mutation]
  9610 | D:9      | Lost mutation: You have sharp toenails. [potion of mutation]
  9610 | D:9      | Lost mutation: You have a somewhat thin skeletal structure. (Dex +2, Stealth) [potion of mutation]
  9610 | D:9      | Gained mutation: You are partially covered in yellow scales. (AC +2) [potion of mutation]
  9610 | D:9      | Gained mutation: You tend to lose your temper in combat. [potion of mutation]
  9610 | D:9      | Gained mutation: Your spells are a little harder to cast, but a little more powerful. [potion of mutation]
  9850 | D:9      | Reached ***** piety under Vehumet
  9859 | D:9      | Offered knowledge of Yara's Violent Unravelling by Vehumet.
 10026 | D:9      | Found a staircase to the Orcish Mines.
 10147 | D:9      | Noticed a manticore
 10155 | D:9      | Killed a manticore
 10155 | D:9      | Reached skill level 1 in Poison Magic
 10487 | D:9      | Got an ancient flail
 10488 | D:9      | Identified the cursed +1 flail of Disembowelment {crush, +Inv MR+ Int+3} (You found it on level 9 of the Dungeon)
 10677 | D:10     | Entered Level 10 of the Dungeon
 10855 | D:10     | Reached skill level 5 in Air Magic
 10918 | D:10     | Noticed a two-headed ogre
 10931 | D:10     | Killed a two-headed ogre
 11553 | D:11     | Noticed Grum
 11770 | D:10     | Killed Grum
 12727 | D:12     | Noticed a manticore
 12730 | D:12     | Noticed Rupert
 12731 | D:12     | Killed a manticore
 12793 | D:12     | Mangled by Rupert

Skill      XL: |  1  2  3  4  5  6  7  8  9 10 11 |
---------------+----------------------------------+-----
Dodging        | 2 3 4 5 7 |  7.8
Conjurations   | 2 3 4 5 6 7 8 |  8.0
Spellcasting   | 3 4 5 6 7 8 |  8.6
Fire Magic     | 4 5 6 7 8 |  8.7
Armour         | 1 3 |  3.0
Air Magic      | 2 4 5 |  5.0
Poison Magic   | 3 |  3.7
Stealth        | |  2.5
Shields        | |  0.3

Action                   |  1- 3 |  4- 6 |  7- 9 | 10-12 || total
-------------------------+-------+-------+-------+-------++-------
Melee: Unarmed           |     3 |       |       |       ||     3
       Whip              |     7 |    40 |    28 |    25 ||   100
       Flail             |       |       |       |    13 ||    13
 Cast: Flame Tongue      |    36 |   151 |   309 |   259 ||   755
       Throw Flame       |       |       |    18 |    11 ||    29
       Sticky Flame      |       |       |    13 |    50 ||    63
       Fireball          |       |       |       |    20 ||    20
       Conjure Flame     |       |       |       |     2 ||     2
       Shock             |       |       |       |     4 ||     4
       Inner Flame       |       |       |       |     1 ||     1
  Use: Scroll            |       |       |    13 |     6 ||    19
       Potion            |       |       |       |     2 ||     2
  Eat: Chunk             |       |     6 |    19 |    14 ||    39
       Ration            |       |     1 |       |     4 ||     5
Armor: Robe              |     8 |    34 |    13 |       ||    55
       Leather armour    |       |       |    79 |    91 ||   170
Dodge: Dodged            |    25 |    59 |   132 |   152 ||   368
